 Seeded DCSS version 0.28.0-45-g0d030f2227 (webtiles) character file.

Game seed: 8839457329204268793 (custom seed)

493 NinjaNoafa the Skirmisher (level 7, 13/61 HPs)
             Began as a Hill Orc Monk on Apr 19, 2022.
             Quit the game on level 5 of the Dungeon.
             The game lasted 00:07:21 (5163 turns).

NinjaNoafa the Skirmisher (Hill Orc Monk)           Turns: 5163, Time: 00:07:21

Health: 13/61      AC:  4    Str: 16    XL:     7   Next: 15%
Magic:  7/7        EV: 16    Int: 10    God:
Gold:   170        SH:  7    Dex: 13    Spells: 6/6 levels left

rFire   . . .      SeeInvis .   l - +2 dagger (vamp)
rCold   . . .      Faith    .   j - +3 buckler
rNeg    . . .      Spirit   .   b - +0 robe
rPois   .          Reflect  .   g - +0 helmet
rElec   .          Harm     .   r - scarf {repulsion}
rCorr   .          Rampage  .   d - +0 pair of gloves
Will    .....                   (no boots)
Stlth   ++........              (no amulet)
HPRegen 0.20/turn               f - +4 ring of evasion
MPRegen 0.10/turn               (no ring)

@: seriously poisoned (13 -> 2), repel missiles
A: no striking features
a: no special abilities


You were on level 5 of the Dungeon.
You visited 1 branch of the dungeon, and saw 5 of its levels.

You collected 170 gold pieces.

Inventory:

Hand Weapons
 a - a +0 hand axe
 l - a +2 vampiric dagger (weapon)
Missiles
 n - 3 poisoned darts (quivered)
Armour
 b - a +0 robe (worn)
 d - a +0 pair of gloves (worn)
 g - a +0 helmet (worn)
 j - a +3 buckler (worn)
 r - a scarf of repulsion (worn)
Jewellery
 f - a +4 ring of evasion (left hand)
Wands
 i - a wand of acid (2)
 q - a wand of charming (7)
Scrolls
 k - 2 scrolls of teleportation
Potions
 c - 2 potions of attraction
Miscellaneous
 p - a piece from Xom's chessboard (9/15)


   Skills:
 + Level 5.6 Fighting
 + Level 2.8 Short Blades
 - Level 4.6 Axes
 - Level 3.0 Dodging
 + Level 3.5 Stealth
 + Level 3.1 Shields


You had 6 spell levels left.
You didn't know any spells.
Your spell library contained the following spells:

 Spells                   Type           Power      Damage    Failure   Level
 Ozocubu's Armour         Ice            0%         N/A       83%         3
 Ozocubu's Refrigeration  Ice            0%         4d5       100%        7


Dungeon Overview and Level Annotations

Branches:
Dungeon (5/15)
 Temple: D:4-7

Altars:
Dithmenos
Makhleb
Xom

Shops:
D:1 :


Message History

A gnoll comes into view. It is wielding a +0 whip.
The gnoll sergeant shouts!
The gnoll shouts!
You hear a shout!
A hound comes into view.
A gnoll comes into view. It is wielding a +0 whip.
A gnoll comes into view. It is wielding a +0 spear.
Okay, then.
You block the gnoll sergeant's attack.
The gnoll hits you from afar with a +0 spear!
You make a move on Xom's chessboard...
The gnoll sergeant flickers and vanishes!
Deactivating autopickup; reactivate with Ctrl-A.
Something barely misses you.
The gnoll hits you from afar with a +0 spear.
You make a move on Xom's chessboard...
The gnoll is moving more slowly.
Something hits you.
You are poisoned.
You block the gnoll's attack.
You make a move on Xom's chessboard...
The gnoll resists with significant effort.
You feel sick. Something hits you!
You are more poisoned.
The gnoll hits you but does no damage.
You make a move on Xom's chessboard...
The hound seems to grow stronger.
You feel very sick. You block something's attack. The gnoll closely misses you.
You make a move on Xom's chessboard...
The hound seems to slow down.
You feel very sick. Something hits you.
A gnoll comes into view. It is wielding a +0 halberd.
The gnoll barely misses you.
You make a move on Xom's chessboard...
The gnoll resists with significant effort.
You feel very sick.
The gnoll stops moving altogether!
Something hits you!
* * * LOW HITPOINT WARNING * * *
Okay, then.
Welcome back, NinjaNoafa the Hill Orc Monk.
Game seed: 8839457329204268793 (custom seed) Press ? for a list of commands and other information.
Are you sure you want to abandon this character and quit the game? (Confirm with "yes".)

*,,,,,,* *,,,,,,,,,,.........
****,,,,,,****,***#..,,,.........
,,,,,,,,,,,,,^>,,,...,,,........#
*********,,,,,****#.#***####.....
*,,,,,* #.# #.##.. *.,,,,* #.#
#.##.# *...,,* #.# #.....
*********...gg#####.###########..
,,,,,,,,,...gh{.@................
*********....g#.....############.
,,,,,,,,,.....g.....#,,,* ##
*********.....#.....#,,,* #
**#####.....#,,,#########
#.....#,,,#........
#.....#,,,#........
#.....#,,,#........
*,,,,,*,,,#######..


You could see a hound (strong, slow) and 5 gnolls.

Vanquished Creatures
  Prince Ribbit (D:5)
  2 scorpions (D:5)
  An orc wizard (D:3)
  A hound skeleton (D:4)
  4 adders
  A worm (D:2)
  2 dart slugs (D:2)
  3 orcs
  4 bats
  7 endoplasms
  A giant cockroach (D:1)
  9 goblins
  4 hobgoblins
  5 jackals (D:1)
  5 kobolds
  4 quokkas
  8 ball pythons
  2 frilled lizards
  8 rats
72 creatures vanquished.

Vanquished Creatures (collateral kills)
  An iguana (D:5)
  An ufetubus (D:5)
2 creatures vanquished.

Vanquished Creatures (others)
  A fungus (D:1)
1 creature vanquished.

Grand Total: 75 creatures vanquished

Notes
Turn   | Place    | Note
-------+----------+-------------------------------------------
     0 | D:1      | NinjaNoafa the Hill Orc Monk began the quest for the Orb.
     0 | D:1      | Reached XP level 1. HP: 19/19 MP: 1/1
   153 | D:1      | Found Hed Byel's Book Shoppe.
   244 | D:1      | Reached XP level 2. HP: 26/27 MP: 2/2
   800 | D:1      | Reached skill level 4 in Fighting
  1143 | D:1      | Reached XP level 3. HP: 33/33 MP: 3/3
  1481 | D:2      | Found a faded altar of an unknown god.
  1964 | D:2      | Reached XP level 4. HP: 28/40 MP: 4/4
  2742 | D:3      | Reached skill level 1 in Short Blades
  2742 | D:3      | Reached skill level 1 in Shields
  2742 | D:3      | Reached XP level 5. HP: 14/47 MP: 5/5
  2963 | D:3      | Found a burning altar of Makhleb.
  2988 | D:3      | Found a shimmering altar of Xom.
  3550 | D:4      | Found a shadowy altar of Dithmenos.
  3691 | D:5      | Entered Level 5 of the Dungeon
  4816 | D:5      | Noticed Prince Ribbit
  4888 | D:5      | Reached skill level 5 in Fighting
  4888 | D:5      | Reached XP level 6. HP: 43/56 MP: 6/6
  4898 | D:5      | Killed Prince Ribbit
  4899 | D:5      | Reached XP level 7. HP: 25/61 MP: 7/7
  5163 | D:5      | Quit the game

Illustrated notes

Levels and vault maps discovered:
D:1:      dpeg_arrival_prison, layout_loops_corners, serial_shops, shop,
          minmay_misc_feat_ornament, st_stairs_5
D:2:      layout_loops_cross, ebering_ecumenical_altar_rust,
          kennysheep_nondescript, minmay_misc_feat_chi, minmay_unequal
D:3:      layout_basic, bloody_makhleb, xom_butterflies, minivault_24,
          minmay_misc_feat_diagonals
D:4:      layout_basic, nicolae_tso_carved_into_rock, marbit_many_paths,
          uniq_blork_the_orc
D:5:      layout_basic, led_sif_pool, jmf_multi_god_temple2, uniq_duvessa,
          uniq_prince_ribbit1

Skill      XL: |  1  2  3  4  5  6  7 |
---------------+----------------------+-----
Fighting       | 4 5 |  5.6
Stealth        | 2 3 |  3.5
Dodging        | 3 |  3.0
Short Blades   | 1 2 |  2.8
Shields        | 1 2 3 |  3.1
Axes           | |  4.6

Action                   |  1- 3 |  4- 6 |  7- 9 || total
-------------------------+-------+-------+-------++-------
Melee: Hand axe          |   119 |     4 |       ||   123
       Punch             |     1 |       |       ||     1
       Dagger            |       |   200 |     5 ||   205
Evoke: Wand              |       |     3 |     2 ||     5
       Piece from Xom's  |       |       |     6 ||     6
  Use: Potion            |       |     3 |       ||     3
       Scroll            |       |     7 |       ||     7
 Stab: Sleeping          |     4 |     4 |       ||     8
Armor: Robe              |    28 |    30 |     1 ||    59
Dodge: Dodged            |   111 |   145 |     4 ||   260
Block: Buckler           |     4 |    71 |     5 ||    80
